 Dungeon Crawl Stone Soup version 0.30-a0-377-g5cb311bc9f (webtiles) character file.

Game seed: 2843366385276674896

177 qeuew the Trooper (level 5, -3/33 HPs)
             Began as a Gargoyle Fighter on Nov 30, 2022.
             Killed from afar by Sigmund (11 damage)
             ... with a bolt of light
             ... on level 3 of the Dungeon.
             The game lasted 00:03:11 (1969 turns).

qeuew the Trooper (Gargoyle Fighter)                Turns: 1969, Time: 00:03:12

Health: -3/33      AC: 12    Str: 19    XL:     5   Next: 57%
Magic:  5/5        EV:  9    Int:  9    God:
Gold:   200        SH:  4    Dex: 11    Spells: 4/4 levels left

rFire   . . .      SeeInvis .    a - +1 flail
rCold   . . .      Faith    .    c - +0 buckler
rNeg    + . .      Spirit   .    o - +1 scale mail {Will+}
rPois   ∞          Reflect  .    (no helmet)
rElec   +          Harm     .    (no cloak)
rCorr   +          Rampage  .    (no gloves)
Will    +....                    (no boots)
Stlth   ..........               (no amulet)
HPRegen 0.25/turn                k - ring of resist corrosion
MPRegen 0.09/turn                (no ring)

@: flying
A: sickness immunity, AC +4, negative energy resistance 1, electricity
resistance, torment resistance 1, petrification resistance, big wings
a: no special abilities


You were on level 3 of the Dungeon.
You visited 1 branch of the dungeon, and saw 3 of its levels.

You collected 200 gold pieces.

Inventory:

Hand Weapons
 a - a +1 flail (weapon)
Armour
 c - a +0 buckler (worn)
 o - a +1 scale mail of willpower (worn)
Jewellery
 k - a ring of resist corrosion (left hand)
Scrolls
 e - a scroll of enchant weapon
 f - 2 scrolls of identify
 l - 2 scrolls of teleportation
 m - a scroll of summoning {unknown}
 n - 3 scrolls of magic mapping
Potions
 b - a potion of resistance {unknown}
 d - a potion of might
 g - a potion of ambrosia
 i - a potion of haste
 j - a potion of invisibility {unknown}


   Skills:
 + Level 4.2 Fighting
 + Level 3.0 Maces & Flails
 + Level 4.2 Armour
 + Level 1.6 Dodging
 + Level 4.1 Shields


You had 4 spell levels left.
You didn't know any spells.
Your spell library contained the following spells:

 Spells                   Type           Power      Damage    Failure   Level
 Foxfire                  Conj/Fire      0%         2x1d4     83%         1
 Fireball                 Conj/Fire      0%         3d3       100%        5
 Starburst                Conj/Fire      0%         6d3       100%        6


Dungeon Overview and Level Annotations

Branches:
Dungeon (3/15)

Altars:
Vehumet

Shops:
D:3 [?!

Annotations:
D:3 Sigmund


Innate Abilities, Weirdness & Mutations

You are immune to sickness and miasma.
Your stone body is resilient. (AC +4)
You are immune to poison.
You resist negative energy. (rN+)
You are resistant to electric shocks. (rElec)
You are resistant to unholy torment.
You are immune to petrification.
Your large and strong wings let you fly.


Message History

Found a potion of degeneration.
You see here a potion of degeneration.
Found a stone staircase leading up.
Sigmund the Dreaded comes into view.
He is wielding a +0 scythe and carrying a wand of light (10).
Sigmund shouts!
Sigmund casts a spell at you. The magic dart hits you.
You see here a fizzy cyan potion.
Sigmund breathes a few words.
Sigmund's hands start flickering wildly.
Sigmund zaps a wand.
The bolt of light hits you!
Sigmund zaps a wand.
The bolt of light hits you.
You are too injured to fight recklessly!
You are too injured to fight recklessly!
You are too injured to fight recklessly!
You are too injured to fight recklessly!
You are too injured to fight recklessly!
You are too injured to fight recklessly!
You are too injured to fight recklessly!
You are too injured to fight recklessly!
You are too injured to fight recklessly!
You are too injured to fight recklessly!
You are too injured to fight recklessly!
Unknown command.
You closely miss Sigmund.
Sigmund points at you and mumbles some strange words.
The magic dart hits you.
* * * LOW HITPOINT WARNING * * *
Unknown command.
Throw: throwing net
Press: ? - help, Q - select action Shift-Dir - straight line, f - Sigmund
Aim: Sigmund, wielding a +0 scythe, wearing a +0 robe and carrying a wand of light (8) (53% to hit)
You throw a throwing net. The throwing net hits Sigmund.
Sigmund is caught in the net!
Sigmund struggles against the net.
You sock Sigmund!
Sigmund is heavily wounded.
Sigmund struggles against the net.
Sigmund zaps a wand.
The bolt of light hits you!
You die...

####.###† ...#
#....†... #..#
##.###.... #..#
#..# #.### #..#
#..###.# #
#..######......###
#.< ...##.#######.
#@####.##.#######.
#@##......##...##>
#.##.#.#####.#....
#.## #.###...#...#
#!# #.....#####..
#######.#
#####...#...#
#.......#
###.#..##
#.####### #....#
#.# ####.# #.# #)#


You could see Sigmund (caught).

Vanquished Creatures
  Jessica (D:3)
  Terence (D:2)
  2 adders (D:3)
  4 gnolls (D:3)
  A worm (D:2)
  5 orcs (D:3)
  10 ball pythons
  4 bats
  6 endoplasms
  A giant cockroach (D:1)
  4 hobgoblins
  7 jackals
  4 kobolds
  2 quokkas (D:1)
  A frilled lizard (D:1)
  A goblin (D:1)
  7 rats
61 creatures vanquished.

Notes
Turn   | Place    | Note
-------+----------+-------------------------------------------
     0 | D:1      | qeuew the Gargoyle Fighter began the quest for the Orb.
     0 | D:1      | Reached XP level 1. HP: 14/14 MP: 1/1
   145 | D:1      | Reached XP level 2. HP: 19/19 MP: 2/2
   352 | D:1      | Reached XP level 3. HP: 23/23 MP: 3/3
   705 | D:1      | Gained mutation: Your large and strong wings let you fly.
                  | [potion of mutation]
   782 | D:2      | Noticed Terence
   794 | D:2      | Killed Terence
   795 | D:2      | Reached skill level 1 in Dodging
   795 | D:2      | Reached XP level 4. HP: 13/29 MP: 4/4
  1292 | D:3      | Noticed Jessica
  1308 | D:3      | Killed Jessica
  1368 | D:3      | Found Forav's Armour Boutique.
  1370 | D:3      | Found Oseo's Magic Scroll Emporium.
  1377 | D:3      | Reached XP level 5. HP: 31/33 MP: 5/5
  1782 | D:3      | Found Otzouz's Distillery.
  1788 | D:3      | Found a radiant altar of Vehumet.
  1962 | D:3      | Noticed Sigmund
  1969 | D:3      | Killed from afar by Sigmund

Illustrated notes

Levels and vault maps discovered:
D:1:      zelgadis_glass_arrival_small, layout_loops_ring, minmay_fountain_box,
          kennysheep_minor_cross, st_stairs_9, minmay_crystal_water,
          minmay_domino_2
D:2:      layout_rooms, minivault_14, uniq_terence
D:3:      layout_loops_ring, fiery_altar_vehumet, serial_shops, shop_fountains,
          shop, shop, nicolae_shop_window_shopping,
          corexii_item_surrounded_by_moat, uniq_jessica, uniq_sigmund,
          uniq_crazy_yiuf_cottage

Skill      XL: |  1  2  3  4  5 |
---------------+----------------+-----
Dodging        | 1 |  1.6
Fighting       | 4 |  4.2
Armour         | 4 |  4.2
Shields        | 4 |  4.1
Maces & Flails | 3 |  3.0

Action                   |  1- 3 |  4- 6 || total
-------------------------+-------+-------++-------
Melee: Flail             |   107 |   142 ||   249
Throw: Throwing net      |       |     1 ||     1
  Use: Potion            |     6 |       ||     6
       Scroll            |     3 |     3 ||     6
Armor: Scale mail        |    64 |    71 ||   135
Dodge: Dodged            |    76 |    57 ||   133
Block: Buckler           |    23 |    32 ||    55

Table legend: (Time is in decaauts)
 A = Elapsed time spent in this place.
 B = Non-inter-level travel time spent in this place.
 C = Inter-level travel time spent in this place.
 D = Time resting spent in this place.
 E = Time spent auto-exploring this place.
 F = Levels seen in this place.
 G = Mean time per level.
                   A        B        C        D        E       F      G
               +--------+--------+--------+--------+--------+-----+--------+
         Total |   2026 |   1945 |     81 |      0 |   1431 |   3 |  675.3 |
       Dungeon |   2026 |   1945 |     81 |      0 |   1431 |   3 |  675.3 |
               +--------+--------+--------+--------+--------+-----+--------+

Top non-repeatable levels by time:
     D:3: 743 daAuts
     D:1: 743 daAuts
     D:2: 539 daAuts
